 Dungeon Crawl Stone Soup version 0.21.1-1-g345015f (webtiles) character file.

511 iamserjio the Ducker (level 7, -2/50 HPs)
             Began as an Octopode Monk on Apr 8, 2018.
             Was a Believer of Yredelemnul.
             Slain by a hornet (10 damage)
             ... on level 5 of the Dungeon.
             The game lasted 00:10:52 (3849 turns).

iamserjio the Ducker (Octopode Monk)                Turns: 3849, Time: 00:10:53

Health: -2/50      AC:  2    Str: 11    XL:     7   Next: 19%
Magic:  7/7        EV: 16    Int: 12    God:    Yredelemnul [**....]
Gold:   198        SH:  0    Dex: 16    Spells: 6/6 levels left

rFire    . . .     SeeInvis .   a - +0 short sword
rCold    . . .     Gourm    .   (no shield)
rNeg     . . .     Faith    .   r - +1 hat
rPois    .         Spirit   .   (no amulet)
rElec    .         Reflect  .   (no ring)
rCorr    .         Harm     .   (no ring)
MR       .....                  (no ring)
Stlth    ++++......             (no ring)
HPRegen  0.16/turn              (no ring)
MPRegen  0.10/turn              (no ring)
                                (no ring)
                                (no ring)

@: lethally poisoned (-2 -> -5), slowed, very slow
A: almost no armour, stealthy swim, amphibious, 8 rings, constrict 8, camouflage
1, gelatinous body 1
a: Animate Remains, Recall Undead Slaves, Injury Mirror, Renounce Religion


You were on level 5 of the Dungeon.
You worshipped Yredelemnul.
Yredelemnul was pleased with you.
You were very hungry.

You visited 2 branches of the dungeon, and saw 6 of its levels.

You collected 198 gold pieces.

Inventory:

Hand Weapons
 a - a +0 short sword (weapon)
Armour
 r - a +1 hat (worn)
Jewellery
 w - an uncursed ring of fire {unknown}
Wands
 p - a wand of iceblast (1)
 v - a wand of polymorph (9)
 x - a wand of flame (12)
Scrolls
 c - a scroll of teleportation {unknown}
 d - 4 scrolls of remove curse {unknown}
 h - 2 scrolls of random uselessness {unknown}
 i - 2 scrolls of identify {unknown}
 k - a scroll of immolation {unknown}
 o - a scroll of blinking {unknown}
 q - a scroll of enchant weapon {unknown}
 s - a scroll of fear {unknown}
Potions
 e - 2 potions of lignification {unknown}
 f - a potion of might {unknown}
 g - 3 potions of curing {unknown}
 j - a potion of mutation {unknown}
 l - a potion of haste {unknown}
 n - a potion of cancellation {unknown}
 t - a potion of brilliance {unknown}
 u - a potion of experience {unknown}
Books
 m - a book of Changes

   Spells                             Type                      Level
   a - Beastly Appendage              Transmutation                1
   b - Sticks to Snakes               Transmutation                2
   c - Spider Form                    Transmutation/Poison         3
   d - Ice Form                       Ice/Transmutation            4
   e - Blade Hands                    Transmutation                5
Comestibles
 b - 5 rations


   Skills:
 * Level 5.4 Fighting
 - Level 3.1 Short Blades
 * Level 5.4 Dodging
 + Level 5.4 Stealth


You had 6 spell levels left.
You didn't know any spells.

Dungeon Overview and Level Annotations

Branches:
Dungeon (5/15)             Temple (1/1) D:4

Altars:
Cheibriados
Dithmenos
Fedhas
Kikubaaqudgha
Makhleb
Nemelex Xobeh
Qazlal
Ru
Xom
Yredelemnul

Annotations:
D:4 Shinoi's ghost, amateur GrEE


Innate Abilities, Weirdness & Mutations

You cannot wear most types of armour.
You are very stealthy in the water. (Stealth+)
You are amphibious.
You can wear up to eight rings at the same time.
You can use your tentacles to constrict eight enemies at once.
Your skin changes colour to match your surroundings (Stealth+).
Your rubbery body absorbs attacks. (AC +1, EV +1)


Message History

You constrict the hornet, but do no damage.
The hornet stings you!
You are poisoned.
You feel yourself slow down. The hornet stings you!
You suddenly lose the ability to move!
You lose your grip on the hornet.
You feel sick.
The hornet stings you but does no damage.
You feel yourself speed up.
You feel sick. The hornet barely misses you. The hornet stings you.
You feel yourself slow down. The hornet stings you!
* * * LOW HITPOINT WARNING * * *
You feel as though you will be slow longer.
You can move again.
You hit the hornet but do no damage. Your grab misses the hornet.
You squeeze the hornet.
The hornet is severely wounded.
You feel sick. The hornet stings you!
You die...
Your body rises from the dead as a mindless zombie.

... ### ....
....
....#######....
...............
.............
#..........#
#.....y....#
#.$....@...#
#..........#
#..........#
#..........#
#..........#
########.###
#.# #.# #.#


You could see a hornet.

Vanquished Creatures
  Grinder (D:3)
  Blork the orc (D:4)
  Crazy Yiuf (D:2)
  A worker ant (D:4)
  Terence (D:3)
  Robin (D:2)
  3 gnolls
  8 adders
  A worm (D:3)
  A leopard gecko (D:3)
  3 giant cockroaches
  10 goblins
  9 hobgoblins
  4 jackals (D:4)
  A quokka (D:4)
  6 bats
  A frilled lizard (D:3)
  5 kobolds
  8 rats
66 creatures vanquished.

Notes
Turn   | Place    | Note
-------+----------+-------------------------------------------
     0 | D:1      | iamserjio the Octopode Monk began the quest for the Orb.
     0 | D:1      | Reached XP level 1. HP: 16/16 MP: 1/1
   127 | D:1      | Reached XP level 2. HP: 17/21 MP: 2/2
   585 | D:2      | Noticed Robin
   614 | D:2      | Reached XP level 3. HP: 16/26 MP: 3/3
   771 | D:2      | Killed Robin
   864 | D:2      | Found a runed door.
   868 | D:2      | Noticed Crazy Yiuf
   872 | D:2      | Killed Crazy Yiuf
   872 | D:2      | Reached XP level 4. HP: 16/33 MP: 4/4
  1669 | D:2      | Reached XP level 5. HP: 28/37 MP: 5/5
  1808 | D:2      | Found a sacrificial altar of Ru.
  1908 | D:3      | Noticed Grinder
  2085 | D:3      | Noticed Terence
  2090 | D:3      | Killed Terence
  2420 | D:3      | Paralysed by Grinder for 2 turns
  2424 | D:3      | Killed Grinder
  2424 | D:3      | Reached skill level 5 in Fighting
  2424 | D:3      | Reached skill level 5 in Dodging
  2424 | D:3      | Reached skill level 5 in Stealth
  2424 | D:3      | Reached XP level 6. HP: 12/45 MP: 6/6
  2945 | D:4      | Found a blossoming altar of Fedhas.
  2958 | D:4      | Found a stormy altar of Qazlal.
  3233 | D:4      | Found a staircase to the Ecumenical Temple.
  3239 | Temple   | Entered the Ecumenical Temple
  3247 | Temple   | Became a worshipper of Yredelemnul the Dark
  3247 | Temple   | Reached * piety under Yredelemnul
  3247 | Temple   | Reached ** piety under Yredelemnul
  3414 | D:4      | Reached XP level 7. HP: 50/50 MP: 7/7
  3513 | D:4      | Noticed Shinoi's ghost (amateur GrEE)
  3537 | D:4      | Noticed Blork the orc
  3642 | D:4      | Killed Blork the orc
  3826 | D:5      | Entered Level 5 of the Dungeon
  3837 | D:5      | Noticed a hornet
  3845 | D:5      | Paralysed by a hornet for 3 turns
  3849 | D:5      | Slain by a hornet

Skill      XL: |  1  2  3  4  5 |
---------------+----------------+-----
Stealth        | 3 4 5 |  5.4
Fighting       | 4 5 |  5.4
Dodging        | 4 5 |  5.4
Short Blades   | |  3.1

Action                   |  1- 3 |  4- 6 |  7- 9 || total
-------------------------+-------+-------+-------++-------
Melee: Short sword       |    69 |    78 |     7 ||   154
       Constrict         |    18 |    17 |     2 ||    37
       Tentacles         |     8 |    13 |     2 ||    23
Evoke: Wand              |       |     5 |     1 ||     6
 Stab: Sleeping          |     5 |    13 |     2 ||    20
  Eat: Chunk             |       |     8 |       ||     8
Armor: Skin              |     3 |     2 |     2 ||     7
Dodge: Dodged            |    41 |    48 |     2 ||    91
